[Event "GambitGuide"]
[Site "Internet Chess Club"]
[Date "2014.10.31"]
[Round "1"]
[White "JSBach"]
[Black "HarnFer13"]
[Result "0-1"]
[ICCResult "White checkmated"]
[WhiteElo "1598"]
[BlackElo "2177"]
[Opening "Vienna: `Frankenstein-Dracula' variation"]
[ECO "C27"]
[NIC "VG.02"]
[Time "08:08:06"]
[TimeControl "120+12"]

1. e4 e5 2. Nc3 Nf6 3. Bc4 Nxe4 4. Qh5 Nd6 5. Bb3 Nc6 6. Nb5 g6 7. Qf3 f5 8.
Qd5 Qe7 9. Nxc7+ Kd8 10. Nxa8 b6 11. d3 Bb7 12. Nxb6 axb6 13. Qf3 Bg7 14.
Be3 Nd4 15. Qh3 Nxb3 16. Bxb6+ Kc8 17. axb3 Nb5 18. Ra4 Bc6 19. Ne2 Nd4 20.
Rc4 Kb7 21. Bc5 d6 22. Bxd4 exd4 23. Rb4+ Kc7 24. Rc4 Kd7 25. Kf1 Re8 26.
Kg1 Qxe2 27. g3 Qf3 28. Rxc6 Re1+ 29. Qf1 Rxf1+ 30. Kxf1 Qxh1+ 31. Ke2 Kxc6
32. h3 Qd5 33. h4 f4 34. gxf4 Qf5 35. Kf3 h6 36. Kg3 g5 37. hxg5 hxg5 38.
fxg5 Be5+ 39. Kg2 Qxg5+ 40. Kh3 Bf4 41. b4 Kb5 42. b3 d5 43. c4+ dxc3 44. d4
c2 45. f3 Qg3# {White checkmated} 0-1

[Event "GambitGuide"]
[Site "Internet Chess Club"]
[Date "2014.10.31"]
[Round "1"]
[White "JSBach"]
[Black "GambitBandit"]
[Result "1-0"]
[ICCResult "Black resigns"]
[WhiteElo "1598"]
[BlackElo "1950"]
[Opening "Vienna: `Frankenstein-Dracula' variation"]
[ECO "C27"]
[NIC "VG.02"]
[Time "08:10:15"]
[TimeControl "120+12"]

1. e4 e5 2. Nc3 Nf6 3. Bc4 Nxe4 4. Qh5 Nd6 5. Bb3 Nc6 6. Nb5 g6 7. Qf3 f5 8.
Qd5 Qe7 9. Nxc7+ Kd8 10. Nxa8 b6 11. d3 Nd4 12. h4 Nxb3 13. Qxb3 Qe6 14.
Bg5+ Ke8 15. Nc7+ Kf7 16. Nxe6 {Black resigns} 1-0

[Event "GambitGuide"]
[Site "Internet Chess Club"]
[Date "2014.10.31"]
[Round "1"]
[White "JSBach"]
[Black "endersgame"]
[Result "0-1"]
[ICCResult "White checkmated"]
[WhiteElo "1598"]
[BlackElo "1687"]
[Opening "Vienna: `Frankenstein-Dracula' variation"]
[ECO "C27"]
[NIC "VG.02"]
[Time "08:08:40"]
[TimeControl "120+12"]

1. e4 e5 2. Nc3 Nf6 3. Bc4 Nxe4 4. Qh5 Nd6 5. Bb3 Nc6 6. Nb5 g6 7. Qf3 f5 8.
Qd5 Qe7 9. Nxc7+ Kd8 10. Nxa8 b6 11. d3 Bb7 12. Nxb6 axb6 13. Qf3 Nd4 14.
Qg3 f4 15. Qg4 N6f5 16. c3 Nxb3 17. axb3 Nh4 18. f3 h5 19. Qh3 g5 20. b4 Qd6
21. Ra7 Kc8 22. Ke2 Kb8 23. Ra3 Be7 24. Bd2 g4 25. fxg4 Bxg2 26. g5 Bxg5 27.
Bxf4 exf4 28. Qxg2 Nxg2 29. Nf3 Re8+ 30. Kf2 Qxd3 31. Rf1 Qe2+ 32. Kg1 Ne3
33. Ra8+ Kxa8 34. Ra1+ Kb7 35. Nh4 Bxh4 36. Ra7+ Kxa7 37. b3 Qg2#
{White checkmated}
0-1

[Event "GambitGuide"]
[Site "Internet Chess Club"]
[Date "2014.10.31"]
[Round "1"]
[White "JSBach"]
[Black "ilushan"]
[Result "1-0"]
[ICCResult "Black resigns"]
[WhiteElo "1598"]
[BlackElo "1546"]
[Opening "Vienna: `Frankenstein-Dracula' variation"]
[ECO "C27"]
[NIC "VG.02"]
[Time "08:11:39"]
[TimeControl "120+12"]

1. e4 e5 2. Nc3 Nf6 3. Bc4 Nxe4 4. Qh5 Nd6 5. Bb3 Nc6 6. Nb5 g6 7. Qf3 f5 8.
Qd5 Qe7 9. Nxc7+ Kd8 10. Nxa8 b6 11. d3 f4 12. Ba4 Bb7 13. Nxb6 axb6 14. Qb3
Kc7 15. Nf3 e4 16. dxe4 Qxe4+ 17. Kf1 Bg7 18. Bd2 Nd4 19. Qc3+ Kb8 20. Qb4
N6f5 21. Re1 Qd5 22. Bxf4+ Ka8 23. c4 Qf7 24. Ng5 Qf6 25. Bxd7 {Black
resigns} 1-0

[Event "GambitGuide"]
[Site "Internet Chess Club"]
[Date "2014.10.31"]
[Round "1"]
[White "JSBach"]
[Black "beaner"]
[Result "1-0"]
[ICCResult "Black resigns"]
[WhiteElo "1598"]
[BlackElo "1242"]
[Opening "Vienna: `Frankenstein-Dracula' variation"]
[ECO "C27"]
[NIC "VG.02"]
[Time "08:10:47"]
[TimeControl "120+12"]

1. e4 e5 2. Nc3 Nf6 3. Bc4 Nxe4 4. Qh5 Nd6 5. Bb3 Nc6 6. Nb5 g6 7. Qf3 f5 8.
Qd5 Qe7 9. Nxc7+ Kd8 10. Nxa8 b6 11. d3 Bb7 12. Nxb6 axb6 13. Qf3 Bg7 14.
Be3 Kc7 15. Bd5 f4 16. Bxb6+ Kxb6 17. Ne2 Kc7 18. a3 Re8 19. O-O g5 20. Rae1
Rh8 21. d4 e4 22. Qc3 h5 23. Qc5 f3 24. gxf3 exf3 25. Bxf3 g4 26. Bd5 Bh6
27. Ng3 Qg5 28. f4 Qh4 29. Bxc6 Bxc6 30. Qxd6+ Kxd6 31. Nf5+ Kc7 32. Nxh4
Rf8 33. f5 Bg7 34. c3 Bd5 35. Ng6 Rf6 36. b4 Bh6 37. Re5 Bc6 38. Nf4 Bg7 39.
Nxh5 Rf7 40. Nxg7 Rxg7 41. f6 Rf7 42. Re7 Bd5 43. Rxf7 Bxf7 44. Rf4 Be6 45.
f7 Bxf7 46. Rxf7 {Black resigns} 1-0

[Event "GambitGuide"]
[Site "Internet Chess Club"]
[Date "2014.10.31"]
[Round "1"]
[White "JSBach"]
[Black "Augustus"]
[Result "1-0"]
[ICCResult "Black checkmated"]
[WhiteElo "1598"]
[BlackElo "1003"]
[Opening "Vienna: `Frankenstein-Dracula' variation"]
[ECO "C27"]
[NIC "VG.02"]
[Time "08:13:11"]
[TimeControl "120+12"]

1. e4 e5 2. Nc3 Nf6 3. Bc4 Nxe4 4. Qh5 Nd6 5. Bb3 Nc6 6. Nb5 g6 7. Qf3 f5 8.
Qd5 Qe7 9. Nxc7+ Kd8 10. Nxa8 b6 11. d3 e4 12. dxe4 Nxe4 13. Be3 Bb7 14.
Nxb6 axb6 15. Bxb6+ Kc8 16. Be3 Na5 17. Qxa5 Bg7 18. Rd1 Re8 19. Qa7 Qb4+
20. c3 Nxc3 21. bxc3 Qxc3+ 22. Kf1 f4 23. Ne2 Qb2 24. Rc1+ Kd8 25. Qb6+ Ke7
26. Bc5+ d6 27. Qxd6# {Black checkmated} 1-0

[Event "GambitGuide"]
[Site "Internet Chess Club"]
[Date "2014.10.31"]
[Round "1"]
[White "JSBach"]
[Black "ilushan"]
[Result "0-1"]
[ICCResult "White checkmated"]
[WhiteElo "1598"]
[BlackElo "1546"]
[Opening "Vienna: `Frankenstein-Dracula' variation"]
[ECO "C27"]
[NIC "VG.02"]
[Time "08:13:53"]
[TimeControl "120+12"]

1. e4 e5 2. Nc3 Nf6 3. Bc4 Nxe4 4. Qh5 Nd6 5. Bb3 Nc6 6. Nb5 g6 7. Qf3 f5 8.
Qd5 Qe7 9. Nxc7+ Kd8 10. Nxa8 b6 11. d3 Bb7 12. Nxb6 axb6 13. Qf3 Kc7 14.
Be3 f4 15. Bd2 Nd4 16. Qg4 Qf6 17. Ba4 N6f5 18. Bc3 h5 19. Qh3 g5 20. Bxd4
exd4 21. Nf3 g4 22. Nxd4 gxh3 23. Nb5+ Kb8 24. c3 hxg2 25. Rg1 Bc5 26. d4
Re8+ 27. Kd2 Qh4 28. Rxg2 Bxg2 29. dxc5 Qxf2+ 30. Kc1 Re1+ 31. Bd1 Ne3 32.
cxb6 Rxd1# {White checkmated} 0-1

[Event "GambitGuide"]
[Site "Internet Chess Club"]
[Date "2014.10.31"]
[Round "1"]
[White "JSBach"]
[Black "Augustus"]
[Result "1-0"]
[ICCResult "Black checkmated"]
[WhiteElo "1598"]
[BlackElo "1003"]
[Opening "Vienna: `Frankenstein-Dracula' variation"]
[ECO "C27"]
[NIC "VG.02"]
[Time "08:15:10"]
[TimeControl "120+12"]

1. e4 e5 2. Nc3 Nf6 3. Bc4 Nxe4 4. Qh5 Nd6 5. Bb3 Nc6 6. Nb5 g6 7. Qf3 f5 8.
Qd5 Qe7 9. Nxc7+ Kd8 10. Nxa8 b6 11. d3 Bb7 12. Nxb6 axb6 13. Qf3 Bg7 14.
Qg3 e4 15. Bg5 Bf6 16. Bxf6 Qxf6 17. Rd1 exd3 18. Qxd3 Re8+ 19. Ne2 Qe5 20.
O-O Qxe2 21. Qxd6 Ne7 22. Qxd7# {Black checkmated} 1-0

[Event "GambitGuide"]
[Site "Internet Chess Club"]
[Date "2014.10.31"]
[Round "1"]
[White "JSBach"]
[Black "beaner"]
[Result "1-0"]
[ICCResult "Black checkmated"]
[WhiteElo "1598"]
[BlackElo "1242"]
[Opening "Vienna: `Frankenstein-Dracula' variation"]
[ECO "C27"]
[NIC "VG.02"]
[Time "08:14:19"]
[TimeControl "120+12"]

1. e4 e5 2. Nc3 Nf6 3. Bc4 Nxe4 4. Qh5 Nd6 5. Bb3 Nc6 6. Nb5 g6 7. Qf3 f5 8.
Qd5 Qe7 9. Nxc7+ Kd8 10. Nxa8 b6 11. d3 Bb7 12. Nxb6 axb6 13. Qf3 Bg7 14.
Be3 Kc7 15. Bd5 Rb8 16. Rd1 Na5 17. b4 Bxd5 18. Qxd5 Nc6 19. a3 f4 20. Bd2
g5 21. Ne2 h5 22. O-O e4 23. dxe4 Nxe4 24. h4 Bf6 25. hxg5 Bxg5 26. Nxf4
Nxd2 27. Qxd2 Rd8 28. Rfe1 Qg7 29. Qd6+ Kc8 30. Nd5 Be7 31. Qc7#
{Black checkmated}
1-0

[Event "GambitGuide"]
[Site "Internet Chess Club"]
[Date "2014.10.31"]
[Round "1"]
[White "JSBach"]
[Black "Augustus"]
[Result "1-0"]
[ICCResult "Black resigns"]
[WhiteElo "1598"]
[BlackElo "1003"]
[Opening "Vienna: `Frankenstein-Dracula' variation"]
[ECO "C27"]
[NIC "VG.02"]
[Time "08:16:15"]
[TimeControl "120+12"]

1. e4 e5 2. Nc3 Nf6 3. Bc4 Nxe4 4. Qh5 Nd6 5. Bb3 Nc6 6. Nb5 g6 7. Qf3 f5 8.
Qd5 Qe7 9. Nxc7+ Kd8 10. Nxa8 b6 11. d3 Bb7 12. Nxb6 axb6 13. Qf3 Nd4 14.
Qg3 Bg7 15. Bg5 Bf6 16. Bxf6 Qxf6 17. Ba4 e4 18. dxe4 Nxe4 19. Qb8+ Ke7 20.
Qxb7 Nc5 21. Qa7 Re8 22. Kf1 Kf7 23. Re1 Rxe1+ 24. Kxe1 Qe5+ 25. Kf1 Qe2+
26. Nxe2 Nxe2 27. Bxd7 {Black resigns} 1-0

[Event "GambitGuide"]
[Site "Internet Chess Club"]
[Date "2014.10.31"]
[Round "1"]
[White "JSBach"]
[Black "centrepawn"]
[Result "1-0"]
[ICCResult "Black resigns"]
[WhiteElo "1598"]
[BlackElo "1299"]
[Opening "Vienna: `Frankenstein-Dracula' variation"]
[ECO "C27"]
[NIC "VG.02"]
[Time "08:13:32"]
[TimeControl "120+12"]

1. e4 e5 2. Nc3 Nf6 3. Bc4 Nxe4 4. Qh5 Nd6 5. Bb3 Nc6 6. Nb5 g6 7. Qf3 f5 8.
Qd5 Qe7 9. Nxc7+ Kd8 10. Nxa8 b6 11. d3 Bb7 12. Nxb6 axb6 13. Qf3 Nd4 14.
Qh3 Nxb3 15. axb3 Nb5 16. Be3 Qb4+ 17. Kf1 Qg4 18. Qxg4 fxg4 19. Bxb6+ Kc8
20. Ra4 d5 21. Rxg4 Bd6 22. d4 exd4 23. Bxd4 Nxd4 24. Rxd4 Kd7 25. Ke1 Re8+
26. Ne2 Bc5 27. Rh4 h5 28. Rf4 Kd6 29. b4 Bb6 30. Rf6+ Kc7 31. Rxg6 d4 32.
Rg7+ Kb8 33. Rg6 Ba7 34. f3 Re3 35. Rg5 d3 36. cxd3 Rxd3 37. Rxh5 Rb3 38.
Rh8+ Kc7 39. Rh7+ Kb6 40. Rd7 Rxb2 41. Rd1 Ba6 42. Nf4 Kb5 43. g4 Bf2+ 44.
Kf1 Kxb4+ 45. Kg2 Be3+ 46. Kh3 Bxf4 47. Rd4+ Kc5 48. Rxf4 Rb8 49. Rc1+ Kd5
50. Rd1+ Kc6 51. Rf6+ Kb5 52. Rb1+ Kc4 53. Rxb8 {Black resigns} 1-0

[Event "GambitGuide"]
[Site "Internet Chess Club"]
[Date "2014.10.31"]
[Round "1"]
[White "JSBach"]
[Black "spice2nite"]
[Result "1-0"]
[ICCResult "Black resigns"]
[WhiteElo "1598"]
[BlackElo "1638"]
[Opening "Vienna: `Frankenstein-Dracula' variation"]
[ECO "C27"]
[NIC "VG.02"]
[Time "08:17:30"]
[TimeControl "120+12"]

1. e4 e5 2. Nc3 Nf6 3. Bc4 Nxe4 4. Qh5 Nd6 5. Bb3 Nc6 6. Nb5 g6 7. Qf3 f5 8.
Qd5 Qe7 9. Nxc7+ Kd8 10. Nxa8 b6 11. d3 Bb7 12. Nxb6 axb6 13. Qf3 Nd4 14.
Qg3 Bg7 15. Bg5 Bf6 16. Bxf6 Qxf6 17. Ba4 Ke7 18. c3 Ra8 19. cxd4 Nf7 20.
Bb3 exd4 21. Ne2 Ne5 22. Nxd4 f4 23. Qh3 Bc8 24. Bd5 d6 25. Qxh7+ Kd8 26.
Qg8+ Kc7 27. Rc1+ Kd7 28. Be6+ Ke7 29. Rc7+ {Black resigns} 1-0

[Event "GambitGuide"]
[Site "Internet Chess Club"]
[Date "2014.10.31"]
[Round "1"]
[White "JSBach"]
[Black "Augustus"]
[Result "1-0"]
[ICCResult "Black checkmated"]
[WhiteElo "1598"]
[BlackElo "1003"]
[Opening "Vienna: `Frankenstein-Dracula' variation"]
[ECO "C27"]
[NIC "VG.02"]
[Time "08:17:39"]
[TimeControl "120+12"]

1. e4 e5 2. Nc3 Nf6 3. Bc4 Nxe4 4. Qh5 Nd6 5. Bb3 Nc6 6. Nb5 g6 7. Qf3 f5 8.
Qd5 Qe7 9. Nxc7+ Kd8 10. Nxa8 b6 11. d3 Bb7 12. Nxb6 axb6 13. Qf3 Nd4 14.
Qh3 Bg7 15. Be3 e4 16. dxe4 Nxe4 17. c3 Nb5 18. Bxb6+ Ke8 19. Ne2 Qg5 20.
Rd1 Ke7 21. a4 Re8 22. axb5 Kf8 23. Qxh7 Qe7 24. Qg8# {Black checkmated} 1-0

[Event "GambitGuide"]
[Site "Internet Chess Club"]
[Date "2014.10.31"]
[Round "1"]
[White "JSBach"]
[Black "MoJudson"]
[Result "1-0"]
[ICCResult "Black resigns"]
[WhiteElo "1598"]
[BlackElo "1823"]
[Opening "Vienna: `Frankenstein-Dracula' variation"]
[ECO "C27"]
[NIC "VG.02"]
[Time "08:18:39"]
[TimeControl "120+12"]

1. e4 e5 2. Nc3 Nf6 3. Bc4 Nxe4 4. Qh5 Nd6 5. Bb3 Nc6 6. Nb5 g6 7. Qf3 f5 8.
Qd5 Qe7 9. Nxc7+ Kd8 10. Nxa8 b6 11. d3 Bg7 12. Nh3 Re8 13. Bg5 Bf6 14. O-O
Bxg5 15. Nxg5 Bb7 16. Qxd6 Qxg5 17. Qc7+ Ke7 18. Qxb7 Nd4 19. Nc7 Rf8 20.
Qxa7 e4 21. Qxb6 f4 22. Qxd4 f3 23. Qg7+ Rf7 24. Qxf7+ {Black resigns} 1-0

[Event "GambitGuide"]
[Site "Internet Chess Club"]
[Date "2014.10.31"]
[Round "1"]
[White "JSBach"]
[Black "Ombrax"]
[Result "1-0"]
[ICCResult "Black resigns"]
[WhiteElo "1598"]
[BlackElo "1209"]
[Opening "Vienna: `Frankenstein-Dracula' variation"]
[ECO "C27"]
[NIC "VG.02"]
[Time "08:17:31"]
[TimeControl "120+12"]

1. e4 e5 2. Nc3 Nf6 3. Bc4 Nxe4 4. Qh5 Nd6 5. Bb3 Nc6 6. Nb5 g6 7. Qf3 f5 8.
Qd5 Qe7 9. Nxc7+ Kd8 10. Nxa8 b6 11. d3 e4 12. dxe4 Qxe4+ 13. Qxe4 Nxe4 14.
f3 Nf6 15. Bf7 Bb7 16. Nxb6 axb6 17. Bg5 Ke7 18. Bd5 Bg7 19. Rd1 Ke8 20. Bb3
d5 21. Be3 d4 22. Bxd4 Nxd4 23. Rxd4 Nh5 24. Ba4+ Ke7 25. Rd7+ Kf6 26. Rxb7
Rc8 27. b4 Rc3 28. Kd2 Kg5 29. h4+ Kf4 30. Ne2+ Ke5 31. Kxc3 Kd6+ 32. Kc4
Bd4 33. Nxd4 Ng3 34. Rd7+ {Black resigns} 1-0

[Event "GambitGuide"]
[Site "Internet Chess Club"]
[Date "2014.10.31"]
[Round "1"]
[White "JSBach"]
[Black "Andy0507"]
[Result "1-0"]
[ICCResult "Black checkmated"]
[WhiteElo "1598"]
[BlackElo "1721"]
[Opening "Vienna: `Frankenstein-Dracula' variation"]
[ECO "C27"]
[NIC "VG.02"]
[Time "08:18:14"]
[TimeControl "120+12"]

1. e4 e5 2. Nc3 Nf6 3. Bc4 Nxe4 4. Qh5 Nd6 5. Bb3 Nc6 6. Nb5 g6 7. Qf3 f5 8.
Qd5 Qe7 9. Nxc7+ Kd8 10. Nxa8 b6 11. d3 Bb7 12. Nxb6 axb6 13. Qf3 Nd4 14.
Qg3 Bg7 15. Bg5 Bf6 16. Bxf6 Qxf6 17. Ba4 Ke7 18. c3 Ne6 19. Ne2 Nc5 20. Bc2
f4 21. Qg4 h5 22. Qh3 g5 23. d4 g4 24. dxe5 Qxe5 25. Qh4+ Kf7 26. Rg1 f3 27.
gxf3 Bxf3 28. Bd1 Nd3+ 29. Kf1 Ne4 30. Rg2 Nd2+ 31. Kg1 Ne1 32. Qg3 Qe4 33.
Bb3+ Ke7 34. Rxe1 Bxe2 35. Bd5 Qxd5 36. Rxe2+ Kd8 37. Qb8# {Black
checkmated} 1-0

[Event "GambitGuide"]
[Site "Internet Chess Club"]
[Date "2014.10.31"]
[Round "1"]
[White "JSBach"]
[Black "centrepawn"]
[Result "1-0"]
[ICCResult "Black resigns"]
[WhiteElo "1598"]
[BlackElo "1299"]
[Opening "Vienna: `Frankenstein-Dracula' variation"]
[ECO "C27"]
[NIC "VG.02"]
[Time "08:19:00"]
[TimeControl "120+12"]

1. e4 e5 2. Nc3 Nf6 3. Bc4 Nxe4 4. Qh5 Nd6 5. Bb3 Nc6 6. Nb5 g6 7. Qf3 f5 8.
Qd5 Qe7 9. Nxc7+ Kd8 10. Nxa8 b6 11. d3 Bb7 12. Nxb6 axb6 13. Qf3 e4 14. Qe3
Kc7 15. Ne2 Bg7 16. Nf4 Nb4 17. a3 Nc6 18. Nd5+ {Black resigns} 1-0

[Event "GambitGuide"]
[Site "Internet Chess Club"]
[Date "2014.10.31"]
[Round "1"]
[White "JSBach"]
[Black "MoJudson"]
[Result "0-1"]
[ICCResult "White checkmated"]
[WhiteElo "1598"]
[BlackElo "1823"]
[Opening "Vienna: `Frankenstein-Dracula' variation"]
[ECO "C27"]
[NIC "VG.02"]
[Time "08:19:37"]
[TimeControl "120+12"]

1. e4 e5 2. Nc3 Nf6 3. Bc4 Nxe4 4. Qh5 Nd6 5. Bb3 Nc6 6. Nb5 g6 7. Qf3 f5 8.
Qd5 Qe7 9. Nxc7+ Kd8 10. Nxa8 b6 11. d3 h6 12. Ba4 Bb7 13. Nxb6 axb6 14. Qb3
Nd4 15. Qxb6+ Ke8 16. Kf1 Bg7 17. c3 Ne6 18. Bd2 e4 19. dxe4 Bxe4 20. Re1
Nc4 21. Qb8+ Kf7 22. Qg3 Be5 23. Bf4 Bxf4 24. Qh3 Ng5 25. Bb3 Nxh3 26. Bxc4+
Kg7 27. Nxh3 Bd2 28. Re2 Qc5 29. Rxd2 Qxc4+ 30. Ke1 Bxg2 31. Rxd7+ Kf6 32.
Rd6+ Ke7 33. Rxg6 Bxh1 34. a3 Kf7 35. Rg1 Bf3 36. Kd2 Rd8+ 37. Kc1 Qa2 38.
c4 Qb3 39. Kb1 Rd2 40. Ng5+ hxg5 41. Rxg5 Qxb2# {White checkmated} 0-1

[Event "GambitGuide"]
[Site "Internet Chess Club"]
[Date "2014.10.31"]
[Round "1"]
[White "JSBach"]
[Black "Hackerman555"]
[Result "0-1"]
[ICCResult "White checkmated"]
[WhiteElo "1598"]
[BlackElo "2039"]
[Opening "Vienna: `Frankenstein-Dracula' variation"]
[ECO "C27"]
[NIC "VG.02"]
[Time "08:18:51"]
[TimeControl "120+12"]

1. e4 e5 2. Nc3 Nf6 3. Bc4 Nxe4 4. Qh5 Nd6 5. Bb3 Nc6 6. Nb5 g6 7. Qf3 f5 8.
Qd5 Qe7 9. Nxc7+ Kd8 10. Nxa8 b6 11. d3 Bb7 12. Nxb6 axb6 13. Qf3 Nd4 14.
Qh3 e4 15. Be3 Bg7 16. dxe4 Nxe4 17. Rd1 f4 18. Rxd4 Bxd4 19. Bxd4 Ng5+ 20.
Kf1 Nxh3 21. Bxh8 Ng5 22. h4 Ne4 23. Nf3 Qd6 24. Ke2 Ba6+ 25. Ke1 Qb4+ 26.
c3 Qb5 27. Nd4 Qd3 28. Bf6+ Kc8 29. c4 Qd2+ 30. Kf1 Qxf2# {White checkmated}
0-1

[Event "GambitGuide"]
[Site "Internet Chess Club"]
[Date "2014.10.31"]
[Round "1"]
[White "JSBach"]
[Black "spice2nite"]
[Result "1-0"]
[ICCResult "Black checkmated"]
[WhiteElo "1598"]
[BlackElo "1638"]
[Opening "Vienna: `Frankenstein-Dracula' variation"]
[ECO "C27"]
[NIC "VG.02"]
[Time "08:22:56"]
[TimeControl "120+12"]

1. e4 e5 2. Nc3 Nf6 3. Bc4 Nxe4 4. Qh5 Nd6 5. Bb3 Nc6 6. Nb5 g6 7. Qf3 f5 8.
Qd5 Qe7 9. Nxc7+ Kd8 10. Nxa8 b6 11. d3 Bb7 12. Nxb6 axb6 13. Qf3 e4 14. Qe3
h5 15. Qxb6+ Kc8 16. Be3 Bh6 17. Bxh6 Rxh6 18. Ne2 exd3 19. cxd3 g5 20. Rc1
f4 21. Rc5 Kb8 22. a4 Nd4 23. Qc7+ Ka7 24. Ra5# {Black checkmated} 1-0

[Event "GambitGuide"]
[Site "Internet Chess Club"]
[Date "2014.10.31"]
[Round "1"]
[White "JSBach"]
[Black "centrepawn"]
[Result "1-0"]
[ICCResult "Black resigns"]
[WhiteElo "1598"]
[BlackElo "1299"]
[Opening "Vienna: `Frankenstein-Dracula' variation"]
[ECO "C27"]
[NIC "VG.02"]
[Time "08:20:47"]
[TimeControl "120+12"]

1. e4 e5 2. Nc3 Nf6 3. Bc4 Nxe4 4. Qh5 Nd6 5. Bb3 Nc6 6. Nb5 g6 7. Qf3 f5 8.
Qd5 Qe7 9. Nxc7+ Kd8 10. Nxa8 b6 11. d3 e4 12. dxe4 Nxe4 13. Be3 Qb4+ 14. c3
Nxc3 15. Qd2 Ne4 16. Qxb4 Bxb4+ 17. Kd1 Ne5 18. f3 Nc5 19. Bg5+ Ke8 20. Nc7+
Kf8 21. Bh6+ Ke7 22. Nd5+ Kd6 23. Nxb4 Re8 24. f4 Ng4 25. Bf7 Nf2+ 26. Kc2
Re4 27. Bf8+ Kc7 28. Nd5+ Kc6 29. Nf6 Rc4+ 30. Bxc4 {Black resigns} 1-0

[Event "GambitGuide"]
[Site "Internet Chess Club"]
[Date "2014.10.31"]
[Round "1"]
[White "JSBach"]
[Black "midwest735"]
[Result "1-0"]
[ICCResult "Black resigns"]
[WhiteElo "1598"]
[BlackElo "1534"]
[Opening "Vienna: `Frankenstein-Dracula' variation"]
[ECO "C27"]
[NIC "VG.02"]
[Time "08:21:47"]
[TimeControl "120+12"]

1. e4 e5 2. Nc3 Nf6 3. Bc4 Nxe4 4. Qh5 Nd6 5. Bb3 Nc6 6. Nb5 g6 7. Qf3 f5 8.
Qd5 Qe7 9. Nxc7+ Kd8 10. Nxa8 b6 11. d3 Bb7 12. Nxb6 axb6 13. Qf3 Nd4 14.
Qg3 Nxb3 15. axb3 f4 16. Qg4 Qe6 17. Qxe6 dxe6 18. f3 Nb5 19. Bd2 Nd4 20.
Ra7 Kc7 21. Kd1 Bc5 22. b4 Nb5 23. Rxb7+ Kxb7 24. bxc5 bxc5 25. b4 Kc6 26.
c4 Nd4 27. b5+ Kb6 28. Ne2 Nb3 29. Re1 Ra8 30. Nc1 Ra1 31. Rxe5 Nxc1 32.
Rxe6+ Kb7 33. Bxc1 Ra2 34. Re7+ Kb6 35. Bxf4 Rxg2 36. Bc7+ Kb7 37. Ba5+ Kc8
38. Rxh7 Ra2 39. Rc7+ Kd8 40. Ra7+ Ke8 41. Bb6 Rxa7 42. Bxa7 {Black resigns}
1-0

[Event "GambitGuide"]
[Site "Internet Chess Club"]
[Date "2014.10.31"]
[Round "1"]
[White "JSBach"]
[Black "Andy0507"]
[Result "0-1"]
[ICCResult "White checkmated"]
[WhiteElo "1598"]
[BlackElo "1721"]
[Opening "Vienna: `Frankenstein-Dracula' variation"]
[ECO "C27"]
[NIC "VG.02"]
[Time "08:20:54"]
[TimeControl "120+12"]

1. e4 e5 2. Nc3 Nf6 3. Bc4 Nxe4 4. Qh5 Nd6 5. Bb3 Nc6 6. Nb5 g6 7. Qf3 f5 8.
Qd5 Qe7 9. Nxc7+ Kd8 10. Nxa8 b6 11. d3 Bb7 12. Nxb6 axb6 13. Qf3 Nd4 14.
Qg3 f4 15. Qg4 g5 16. Bd2 h5 17. Qd1 Bxg2 18. Bd5 Bxd5 19. f3 N6f5 20. c3
Ne6 21. Qa4 Ke8 22. h3 Nh4 23. Qb5 Qd6 24. Rh2 Bxf3 25. Rf2 Bd5 26. c4 Bb7
27. O-O-O Nd4 28. Qa4 Bg7 29. Qa7 Qc7 30. Rdf1 Ke7 31. Ne2 Ne6 32. Re1 b5
33. Ba5 Qc6 34. Bb4+ Kf7 35. Nc3 bxc4 36. dxc4 Ra8 37. Qe3 Qxc4 38. Qb6 Bc6
39. b3 Qd3 40. Re3 Qg6 41. Bd6 Nf5 42. Rd3 e4 43. Nxe4 Bxe4 44. Rdd2 Rc8+
45. Kd1 Bc6 46. Bb4 Bd4 47. Qa6 Bxf2 48. Qxc8 Bd4 49. Ke1 g4 50. Qb8 g3 51.
Rxd4 Nfxd4 52. Ba3 Nc2+ 53. Kd2 Nxa3 54. Ke2 f3+ 55. Ke3 Qe4+ 56. Kd2 Qe2+
57. Kc3 Nb1+ 58. Kb4 Qb5+ 59. Qxb5 Bxb5 60. Kxb5 f2 61. a4 f1=Q+ 62. Ka5 Nc3
63. b4 Nxa4 64. Kxa4 Qa6+ 65. Kb3 Qb5 66. Kc3 g2 67. Kc2 g1=Q 68. Kd2 Qxb4+
69. Ke2 Qg3 70. Kd1 Qb1+ 71. Kd2 Qb2+ 72. Kd1 Qg1# {White checkmated} 0-1

[Event "GambitGuide"]
[Site "Internet Chess Club"]
[Date "2014.10.31"]
[Round "1"]
[White "JSBach"]
[Black "polarix"]
[Result "1-0"]
[ICCResult "Black resigns"]
[WhiteElo "1638"]
[BlackElo "1588"]
[Opening "Vienna: `Frankenstein-Dracula' variation"]
[ECO "C27"]
[NIC "VG.02"]
[Time "08:23:02"]
[TimeControl "120+12"]

1. e4 e5 2. Nc3 Nf6 3. Bc4 Nxe4 4. Qh5 Nd6 5. Bb3 Nc6 6. Nb5 g6 7. Qf3 f5 8.
Qd5 Qe7 9. Nxc7+ Kd8 10. Nxa8 b6 11. d3 Bb7 12. Nxb6 axb6 13. Qf3 e4 14. Qe3
exd3 15. cxd3 Qxe3+ 16. Bxe3 Kc7 17. Rc1 Bg7 18. Rc2 Ba6 19. d4 Kb7 20. Bd5
Re8 21. Ne2 Bb5 22. Bf4 Nc8 23. Be3 Ne7 24. Bf7 Rc8 25. d5 Nb4 26. Rxc8 Kxc8
27. Bxb6 Bxe2 28. Kxe2 Nbxd5 29. Bc5 Kc7 30. Bxe7 Nxe7 31. b4 d6 32. Rc1+
Kd7 33. a4 d5 34. a5 Nc6 35. a6 Bd4 36. Be6+ Kd6 37. Kd3 Bb6 38. Bc8 Nxb4+
39. Ke2 Nc6 40. h3 h6 41. Ke1 g5 42. Bxf5 d4 43. Ke2 Kd5 44. Be6+ Kd6 45.
Bf5 Bc5 46. g4 Na7 47. Kd3 Kc6 48. Be6 Kb6 49. Bd5 Nb5 50. Rc4 Nc7 51. a7
Kb5 52. Bg2 Kb6 53. Ra4 Kb5 54. a8=Q Nxa8 55. Rxa8 {Black resigns} 1-0

[Event "GambitGuide"]
[Site "Internet Chess Club"]
[Date "2014.10.31"]
[Round "1"]
[White "JSBach"]
[Black "ChuahHM"]
[Result "1-0"]
[ICCResult "Black resigns"]
[WhiteElo "1638"]
[BlackElo "1607"]
[Opening "Vienna: `Frankenstein-Dracula' variation"]
[ECO "C27"]
[NIC "VG.02"]
[Time "08:26:59"]
[TimeControl "120+12"]

1. e4 e5 2. Nc3 Nf6 3. Bc4 Nxe4 4. Qh5 Nd6 5. Bb3 Nc6 6. Nb5 g6 7. Qf3 f5 8.
Qd5 Qe7 9. Nxc7+ Kd8 10. Nxa8 b6 11. d3 Bb7 12. Nxb6 axb6 13. Qf3 Na5 14.
Qg3 Bg7 15. Be3 Kc7 16. Bg5 Qe8 17. Rc1 Nc6 18. Ne2 h6 19. Bh4 g5 20. Nc3
gxh4 21. Qxg7 Rg8 22. Bxg8 {Black resigns} 1-0

[Event "GambitGuide"]
[Site "Internet Chess Club"]
[Date "2014.10.31"]
[Round "1"]
[White "JSBach"]
[Black "littlecaesar"]
[Result "1-0"]
[ICCResult "Black resigns"]
[WhiteElo "1658"]
[BlackElo "2521"]
[Opening "Vienna: `Frankenstein-Dracula' variation"]
[ECO "C27"]
[NIC "VG.02"]
[Time "08:27:26"]
[TimeControl "120+12"]

1. e4 e5 2. Nc3 Nf6 3. Bc4 Nxe4 4. Qh5 Nd6 5. Bb3 Nc6 6. Nb5 g6 7. Qf3 f5 8.
Qd5 Qe7 9. Nxc7+ Kd8 10. Nxa8 b6 11. d3 Bb7 12. Nxb6 axb6 13. Qf3 Bg7 14.
Qg3 Bf6 15. Be3 f4 16. Bxb6+ Kc8 17. Qf3 Nd4 18. Qg4 e4 19. O-O-O Nxb3+ 20.
axb3 Qe5 21. d4 Qb5 22. Bc5 {Black resigns} 1-0

[Event "GambitGuide"]
[Site "Internet Chess Club"]
[Date "2014.10.31"]
[Round "1"]
[White "JSBach"]
[Black "rvsm"]
[Result "1-0"]
[ICCResult "Black resigns"]
[WhiteElo "1676"]
[BlackElo "1037"]
[Opening "Vienna: `Frankenstein-Dracula' variation"]
[ECO "C27"]
[NIC "VG.02"]
[Time "08:24:48"]
[TimeControl "120+12"]

1. e4 e5 2. Nc3 Nf6 3. Bc4 Nxe4 4. Qh5 Nd6 5. Bb3 Nc6 6. Nb5 g6 7. Qf3 f5 8.
Qd5 Qe7 9. Nxc7+ Kd8 10. Nxa8 b6 11. d3 Bb7 12. Nxb6 axb6 13. Qf3 Kc7 14.
Bd2 Nd4 15. Qg3 f4 16. Qg4 h5 17. Qxg6 Bh6 18. Rc1 Bg5 19. Kf1 Nxb3 20.
cxb3+ Kb8 21. Bb4 Rh6 22. Bxd6+ Qxd6 23. Qxg5 Qxd3+ 24. Ne2 Rg6 25. Qxe5+
Ka8 26. f3 Bxf3 27. Rc8+ Ka7 28. Rc7+ Ka6 29. Ke1 Qb1+ 30. Rc1 Re6 31. Qxe6
Qxc1+ 32. Nxc1 dxe6 33. gxf3 {Black resigns} 1-0